 Dungeon Crawl Stone Soup version 0.22.1-2-g9c5b331 (webtiles) character file.

67 Lilu the Poker (level 4, 0/34 HPs)
             Began as a Merfolk Skald on Nov 27, 2018.
             Slain by a kobold
             ... wielding a +0 whip
              (3 damage)
             ... on level 2 of the Dungeon on Nov 28, 2018.
             The game lasted 00:08:43 (2802 turns).

Lilu the Poker (Merfolk Skald)                      Turns: 2802, Time: 00:08:44

Health: 0/34       AC:  4    Str: 12    XL:     4   Next: 18%
Magic:  7/7        EV: 13    Int: 12    God:
Gold:   54         SH:  0    Dex: 13    Spells: 6/7 levels left

rFire    . . .     SeeInvis .   a - +0 spear
rCold    . . .     Gourm    .   (no shield)
rNeg     . . .     Faith    .   b - +0 leather armour
rPois    .         Spirit   .   (no helmet)
rElec    .         Reflect  .   k - scarf {cloud immunity}
rCorr    .         Harm     .   (no gloves)
MR       .....                  (no boots)
Stlth    +.........             l - amulet of inaccuracy (curse)
HPRegen  0.11/turn              i - +1 ring of protection
MPRegen  0.10/turn              (no ring)

@: no status effects
A: change form in water, swift swim, stealthy swim
a: no special abilities


You were on level 2 of the Dungeon.
You were very hungry.

You visited 1 branch of the dungeon, and saw 2 of its levels.

You collected 54 gold pieces.

Inventory:

Hand Weapons
 a - a +0 spear (weapon)
Missiles
 m - 82 stones (quivered)
Armour
 b - a +0 leather armour (worn)
 f - a +0 chain mail
 k - a scarf of cloud immunity (worn)
Jewellery
 g - an uncursed amulet of faith
 i - a +1 ring of protection (left hand)
 l - a cursed amulet of inaccuracy (around neck)
Scrolls
 c - a scroll of blinking {unknown}
 e - 3 scrolls of identify {unknown}
 h - a scroll of teleportation {unknown}
Potions
 j - 2 potions of might {unknown}
 n - a potion of degeneration {unknown}
Comestibles
 d - 2 rations


   Skills:
 + Level 2.7 Fighting
 * Level 4.4 Polearms
 - Level 0.6 Armour
 + Level 3.3 Dodging
 + Level 2.4 Spellcasting
 + Level 3.7 Charms


You had 6 spell levels left.
You knew the following spells:

 Your Spells              Type           Power        Failure   Level  Hunger
a - Infusion              Chrm           ##..         8%          1    ##.....

Your spell library contained the following spells:

 Spells                   Type           Power        Failure   Level  Hunger
 Song of Slaying          Chrm           ##......     11%         2    ###....
 Shroud of Golubria       Chrm/Tloc      #.........   24%         2    ###....
 Regeneration             Chrm/Necr      #.........   43%         3    ####...
 Spectral Weapon          Hex/Chrm       #.......     43%         3    ####...


Dungeon Overview and Level Annotations

Branches:
Dungeon (2/15)

Altars:


Message History

The kobold hits you with a whip.
* * * LOW HITPOINT WARNING * * *
The kobold barely misses you. The kobold barely misses you.
The kobold barely misses you. The kobold hits you with a whip.
* * * LOW HITPOINT WARNING * * *
The kobold hits you with a whip.
* * * LOW HITPOINT WARNING * * *
The kobold closely misses you. The kobold misses you.
The kobold hits you with a whip.
* * * LOW HITPOINT WARNING * * *
The kobold misses you. The kobold barely misses you.
The kobold hits you with a whip.
* * * LOW HITPOINT WARNING * * *
The kobold misses you. The kobold hits you with a whip.
You die...

#..........†.)
#########.####
######## #.#
+##......####)#
#.#.......##).#
#.#........'..#
#.#........'..#
#K#'#......'..#
#@#.#.....##..#
#.#.#....####.#
##.####### #.#
### .# .#


You could see a kobold.

Vanquished Creatures
  2 adders (D:2)
  A dart slug (D:1)
  2 leopard geckos (D:1)
  4 bats
  5 giant cockroaches
  5 goblins (D:1)
  6 hobgoblins
  12 kobolds
  A ball python (D:1)
  5 rats
43 creatures vanquished.

Vanquished Creatures (others)
  12 toadstools (D:2)
12 creatures vanquished.

Grand Total: 55 creatures vanquished

Notes
Turn   | Place    | Note
-------+----------+-------------------------------------------
     0 | D:1      | Lilu the Merfolk Skald began the quest for the Orb.
     0 | D:1      | Reached XP level 1. HP: 16/16 MP: 3/3
    85 | D:1      | Reached XP level 2. HP: 23/23 MP: 0/5
   910 | D:1      | Reached XP level 3. HP: 26/28 MP: 6/6
  1388 | D:1      | Reached skill level 4 in Polearms
  2164 | D:2      | Reached XP level 4. HP: 17/34 MP: 2/7
  2802 | D:2      | Slain by a kobold

Skill      XL: |  1  2  3 |
---------------+----------+-----
Dodging        | 3 |  3.3
Polearms       | 4 |  4.4
Fighting       | |  2.7
Armour         | |  0.6
Spellcasting   | |  2.4
Charms         | |  3.7

Action                   |  1- 3 |  4- 6 || total
-------------------------+-------+-------++-------
Melee: Spear             |   169 |    17 ||   186
Throw: Stone             |     2 |       ||     2
 Cast: Infusion          |    10 |     2 ||    12
 Stab: Sleeping          |     1 |       ||     1
  Eat: Chunk             |     4 |     1 ||     5
Armor: Leather armour    |    23 |     9 ||    32
Dodge: Dodged            |    76 |    67 ||   143
